Map: Jagannatha LE

Players

Chelch

  • Race: Protoss Protoss
  • Spawn Location: 1:00

HolyHit - Winner!

  • Race: Protoss Protoss
  • League: Grandmaster
  • Spawn Location: 7:00

VOD

Have the link to the VOD?

Description

Time

  • Played on: March 22, 2021, 1:50 p.m.
  • Length: 11:26
Show
View Real Time Build Order
Export as new Build Order

Chelch Protoss 

Build Orders: Phoenix Opening, Blink Stalkers 

Get SALT Encoding   

  12  0:00  Probe  
  13  0:12  Probe  
  14  0:17  Pylon  
  14  0:24  Probe (Chrono Boost)  
  15  0:36  Probe (Chrono Boost)  
  15  0:37  Gateway  
  16  0:44  Probe (Chrono Boost)  
  16  0:46  Assimilator  
  17  0:51  Probe  
  17  0:54  Assimilator  
  18  1:03  Probe (Chrono Boost)  
  19  1:11  Gateway  
  19  1:13  Probe (Chrono Boost)  
  19  1:18  Probe (Chrono Boost)  
  21  1:26  Cybernetics Core  
  21  1:29  Probe  
  22  1:35  Pylon  
  22  1:41  Probe  
  23  1:53  Probe  
  24  2:02  Stalker  
  24  2:03  Sentry, Warp Gate  
  28  2:12  Pylon  
  28  2:22  Pylon  
  28  2:29  Stalker  
  30  2:32  Stalker  
  32  2:38  Phoenix  
  32  2:50  Nexus  
  32  2:57  Shield Battery  
  32  3:01  Sentry  
  34  3:07  Sentry  
  36  3:15  Pylon  
  36  3:20  Twilight Council  
  36  3:23  Probe  
  37  3:35  Probe (Chrono Boost)  
  37  3:38  Forge  
  37  3:39  Phoenix  
  38  3:47  Probe (Chrono Boost)  
  39  3:52  Probe (Chrono Boost)  
  40  3:58  Blink  
  40  4:01  Probe (Chrono Boost)  
  41  4:03  Probe (Chrono Boost)  
  41  4:04  Protoss Ground Weapons Level 1 (Chrono Boost)  
  43  4:11  Probe (Chrono Boost)  
  43  4:12  Probe (Chrono Boost)  
  43  4:16  Probe (Chrono Boost)  
  44  4:20  Probe (Chrono Boost)  
  44  4:24  Phoenix  
  46  4:27  Probe (Chrono Boost)  
  48  4:33  Probe x2 (Chrono Boost)  
  49  4:41  Probe x2  
  49  4:42  Gateway  
  49  4:43  Gateway  
  51  4:47  Robotics Facility  
  51  4:53  Probe, Assimilator  
  51  4:54  Probe  
  53  5:02  Pylon  
  53  5:05  Probe  
  53  5:06  Probe  
  55  5:16  Nexus  
  55  5:19  Probe, Pylon  
  56  5:21  Probe  
  57  5:33  Probe, Pylon  
  57  5:35  Observer  
  59  5:37  Probe  
  59  5:39  Stalker x2  
  64  5:43  Stalker  
  64  5:45  Probe  
  64  5:49  Probe  
  68  5:53  Shield Battery  
  68  5:56  Observer  
  69  5:57  Probe  
  69  6:01  Probe  
  71  6:05  Pylon  
  71  6:09  Protoss Ground Weapons Level 2 (Chrono Boost), Probe  
  72  6:13  Stalker, Probe  
  72  6:16  Stalker  
  77  6:20  Stalker  
  77  6:21  Probe  
  77  6:22  Stalker  
  82  6:26  Probe  
  83  6:42  Stalker x2  
  83  6:46  Stalker x2  
  89  6:49  Probe x2  
  89  6:50  Probe  
  89  6:52  Gateway  
  88  7:11  Stalker x2  
  84  7:27  Gateway  
  84  7:28  Probe x2  
  84  7:29  Pylon  
  85  7:30  Pylon x2  
  85  7:34  Stalker x2  
  89  7:37  Charge  
  89  7:38  Gateway  
  89  7:41  Gateway  
  89  7:43  Gateway  
  89  7:48  Pylon  
  89  7:49  Pylon  
  88  7:53  Stalker x2  
  88  7:56  Warp Prism  
  94  7:59  Stalker x2, Pylon  
  94  8:01  Pylon  
  94  8:03  Pylon  
  98  8:11  Gateway  
  98  8:13  Nexus  
  98  8:15  Pylon  
  98  8:16  Protoss Ground Weapons Level 3 (Chrono Boost)  
  98  8:17  Stalker x2  
  102  8:20  Probe x2  
  102  8:21  Probe  
  102  8:25  Stalker x2  
  109  8:33  Pylon  
  109  8:36  Stalker x2  
  114  8:41  Probe x3  
  114  8:44  Photon Cannon  
  107  8:58  Stalker x2  
  107  8:59  Stalker  
  113  9:07  Probe x2  
  113  9:08  Probe  
  116  9:13  Gateway  
  116  9:14  Pylon  
  116  9:19  Zealot x3, Stalker x2, Probe x2  
  116  9:20  Probe  
  129  9:25  Probe  
  128  9:31  Probe  
  128  9:32  Probe x2  
  128  9:36  Stalker x3  
  107  9:54  Stalker x2  
  107  9:59  Zealot x6  
  114  10:01  Warp Prism (Chrono Boost)  
  114  10:05  Probe x2  
  114  10:06  Probe  
  115  10:08  Assimilator x2  
  115  10:11  Assimilator x2  
  115  10:13  Assimilator  
  115  10:19  Zealot x2, Stalker x3  
  115  10:20  Zealot x2  
  129  10:23  Probe x3  
  129  10:24  Probe  
  133  10:33  Zealot x2  
  137  10:38  Observer (Chrono Boost)  
  138  10:52  Zealot x2, Stalker x5  
  138  10:56  Pylon  
  148  11:09  Zealot x2  
  125  11:21  Stalker  
  125  11:22  Stalker x6  
Show
View Real Time Build Order
Export as new Build Order

HolyHit Protoss - Winner!

Build Orders:  

Get SALT Encoding   

  12  0:00  Probe  
  13  0:12  Probe  
  14  0:18  Pylon  
  14  0:24  Probe (Chrono Boost)  
  15  0:37  Probe (Chrono Boost)  
  15  0:39  Gateway  
  16  0:45  Probe (Chrono Boost)  
  16  0:47  Assimilator  
  17  0:51  Probe  
  17  0:55  Assimilator  
  18  1:03  Probe (Chrono Boost)  
  19  1:11  Gateway  
  19  1:14  Probe (Chrono Boost)  
  20  1:19  Probe (Chrono Boost)  
  21  1:27  Cybernetics Core  
  21  1:30  Probe  
  22  1:37  Pylon  
  22  1:42  Probe  
  23  1:55  Probe  
  24  2:04  Stalker x2, Warp Gate  
  28  2:12  Pylon  
  28  2:23  Pylon  
  28  2:34  Probe (Chrono Boost)  
  29  2:40  Nexus  
  29  2:45  Sentry  
  29  2:46  Probe (Chrono Boost)  
  29  2:48  Sentry  
  34  2:53  Probe (Chrono Boost)  
  35  2:58  Pylon  
  35  3:00  Probe  
  36  3:12  Probe  
  37  3:14  Sentry  
  37  3:17  Shield Battery  
  39  3:24  Probe (Chrono Boost)  
  40  3:28  Twilight Council  
  40  3:36  Probe (Chrono Boost)  
  41  3:41  Probe (Chrono Boost)  
  42  3:52  Probe (Chrono Boost)  
  42  3:53  Stalker  
  42  3:54  Probe (Chrono Boost)  
  46  3:56  Stalker  
  49  4:03  Probe (Chrono Boost)  
  49  4:04  Blink (Chrono Boost)  
  49  4:06  Probe (Chrono Boost)  
  49  4:08  Probe (Chrono Boost)  
  51  4:15  Probe  
  52  4:18  Forge, Probe  
  53  4:27  Probe  
  53  4:30  Probe  
  55  4:38  Nexus  
  55  4:39  Probe  
  55  4:42  Probe  
  55  4:43  Pylon  
  57  4:51  Probe  
  58  4:53  Protoss Ground Weapons Level 1 (Chrono Boost)  
  58  4:57  Probe  
  59  5:03  Robotics Facility, Probe  
  59  5:06  Gateway  
  60  5:09  Probe, Gateway  
  60  5:10  Stalker  
  60  5:13  Stalker  
  65  5:19  Assimilator  
  65  5:20  Probe  
  66  5:25  Probe  
  67  5:28  Shield Battery  
  67  5:32  Probe  
  68  5:37  Probe  
  69  5:45  Pylon  
  69  5:47  Warp Prism (Chrono Boost), Pylon  
  69  5:49  Pylon  
  69  5:51  Stalker x2  
  69  5:53  Probe  
  69  5:54  Probe  
  69  5:57  Probe  
  78  6:03  Stalker  
  80  6:05  Probe  
  80  6:07  Probe  
  80  6:09  Probe, Pylon  
  83  6:12  Charge  
  83  6:17  Probe  
  83  6:18  Stalker  
  86  6:19  Probe  
  86  6:21  Pylon  
  87  6:35  Observer  
  88  6:40  Protoss Ground Weapons Level 2 (Chrono Boost), Stalker x3  
  88  6:44  Stalker  
  96  6:51  Gateway  
  96  6:53  Assimilator, Gateway  
  96  6:55  Assimilator, Gateway  
  96  6:56  Gateway  
  96  7:06  Probe  
  96  7:08  Probe  
  84  7:09  Probe  
  84  7:12  Stalker x4  
  89  7:21  Probe  
  90  7:23  Probe  
  90  7:27  Photon Cannon  
  90  7:28  Warp Prism  
  93  7:33  Photon Cannon, Probe  
  93  7:36  Nexus  
  94  7:37  Stalker  
  94  7:38  Pylon  
  94  7:40  Shield Battery  
  96  7:46  Observer  
  96  7:53  Stalker x3  
  96  7:54  Stalker  
  96  7:57  Shield Battery  
  104  7:59  Shield Battery  
  104  8:00  Probe  
  104  8:02  Pylon  
  104  8:04  Probe  
  106  8:13  Observer  
  106  8:16  Stalker x3  
  106  8:17  Pylon x2  
  113  8:20  Probe  
  113  8:22  Dark Shrine  
  113  8:24  Assimilator  
  114  8:28  Zealot x2  
  114  8:29  Zealot  
  120  8:39  Zealot x3  
  120  8:40  Zealot  
  128  8:46  Zealot  
  130  8:54  Probe  
  130  8:55  Probe  
  131  8:57  Zealot x3  
  131  9:01  Probe  
  130  9:06  Photon Cannon  
  130  9:07  Probe x2  
  130  9:09  Photon Cannon  
  132  9:10  Photon Cannon  
  132  9:12  Sentry x2  
  132  9:13  Sentry  
  138  9:23  Probe  
  139  9:24  Probe x2  
  139  9:25  Photon Cannon, Probe  
  139  9:27  Photon Cannon  
  139  9:28  Observer (Chrono Boost)  
  123  9:38  Stalker x2  
  123  9:39  Stalker x2  
  123  9:40  Observer (Chrono Boost)  
  123  9:45  Stalker x2  
  124  9:47  Zealot  
  122  9:54  Probe  
  122  9:57  Probe  
  122  9:58  Shadow Stride (Chrono Boost)  
  120  10:00  Probe  
  120  10:01  Probe  
  120  10:04  Assimilator  
  120  10:06  Probe  
  123  10:09  Probe  
  123  10:11  Assimilator  
  123  10:12  Probe  
  125  10:17  Stalker x5  
  135  10:21  Dark Templar  
  135  10:22  Dark Templar  
  135  10:24  Dark Templar  
  141  10:30  Pylon  
  141  10:31  Nexus  
  141  10:33  Gateway  
  141  10:37  Gateway  
  141  10:40  Dark Templar x3  
  141  10:41  Dark Templar  
  149  10:46  Stalker  
  151  10:51  Shield Battery  
  151  10:53  Shield Battery  
  151  10:54  Stalker  
  151  10:55  Stalker, Pylon  
  154  11:04  Zealot  
  152  11:10  Dark Templar  
  149  11:18  Stalker x6  
Tags
 
Composition
Blink Stalkers
Matchup
PvP
Player
HolyHit
Spawn Locations
Cross Positions
Add a new tag
Caveats
  • Supply blocks, unpowered buildings, or Contaminate may cause inaccurate times.
  • Supply counts are checked every 10 seconds.